AoeStats
← _BeTo_

Arena

509824050Analyzed
1v1 RM · 5d ago on Sep 28, 2026· 52m 27s· 2 players
Game mode
Random Map
Map size
Tiny (2 player)
Population
200
Speed
Normal
Resources
Standard
Victory
Conquest
Starting age
Dark Age
Ending age
Imperial Age
RankedLock teamsTeams togetherTeam positionsShared explorationLock speedFull tech treeHidden civsTurbo modeCheats
Victory
Defeat
🇲🇽 Poles · Mexico
1649
+17
🇹🇼 Teutons · Taiwan
1662
-17
_BeTo_
6:48 Loom
7:22 Loom
9:35 Feudal Age
14:51 Castle Age
13:25 Double-Bit Axe
14:07 Horse Collar
24:17 Wheelbarrow
24:13 Heavy Plow
24:26 Bow Saw
27:06 Bloodlines
26:18 Light Cavalry
27:00 Husbandry
29:33 Imperial Age
27:55 Forging
28:10 Hand Cart
28:48 Szlachta Privileges
29:01 Devotion
29:40 Scale Barding Armor
30:10 Masonry
29:42 Cavalier
31:08 Chain Barding Armor
31:52 Crop Rotation
31:59 Iron Casting
34:45 Blast Furnace
33:51 Capped Ram
34:12 Crossbowman
34:46 Fletching
34:57 Padded Archer Armor
34:54 Town Watch
34:54 Elite Skirmisher
36:46 Chemistry
36:24 Thumb Ring
36:16 Bodkin Arrow
36:46 Ballistics
36:30 Gold Mining
36:31 Stone Mining
38:14 Bracer
38:44 Leather Archer Armor
38:13 Crossbowman
40:11 Winged Hussar
40:24 Arbalester
41:34 Conscription
42:08 Lechitic Legacy
moneymickey
10:44 Feudal Age
15:15 Castle Age
13:31 Double-Bit Axe
13:45 Horse Collar
20:33 Loom
21:54 Wheelbarrow
21:29 Town Watch
27:31 Imperial Age
25:36 Hand Cart
26:17 Sanctity
26:08 Fletching
27:05 Masonry
26:47 Stone Mining
26:48 Gold Mining
27:45 Bow Saw
28:02 Redemption
30:19 Chemistry
29:42 Block Printing
29:58 Pikeman
31:41 Crenellations
32:26 Halberdier
33:07 Squires
34:06 Scale Mail Armor
35:25 Ballistics
35:20 Bodkin Arrow
35:51 Conscription
36:14 Forging
37:39 Iron Casting
37:56 Chain Mail Armor
39:04 Elite Skirmisher
41:17 Plate Mail Armor
43:51 Blast Furnace
42:58 Heavy Plow
45:23 Padded Archer Armor
48:54 Leather Archer Armor
49:12 Scale Barding Armor
49:43 Crop Rotation
52:55 Two-Man Saw
52:30 Ring Archer Armor
52:11 Gambesons
Connection lost

Rejoining the realm…

Still unreachable

The connection could not be restored.

Session expired

The server has moved on; the page needs a fresh start.